 Dungeon Crawl Stone Soup version 0.21-a0-153-g78480df (webtiles) character file.

208 AverageBear the Cutter (level 5, -1/31 HPs)
             Began as a Deep Elf Fighter on July 31, 2017.
             Succumbed to a kobold's poison
             ... on level 3 of the Dungeon.
             The game lasted 00:02:12 (2408 turns).

AverageBear the Cutter (Deep Elf Fighter)           Turns: 2408, Time: 00:02:13

Health: -1/31      AC:  9    Str: 11 (14) XL:     5   Next: 55%
Magic:  4/7        EV: 12    Int: 11 (13) God:
Gold:   165        SH:  8    Dex: 18 (19) Spells: 4/4 levels left

rFire    x . .     SeeInvis .   a - +0 rapier
rCold    + . .     Gourm    .   c - +0 shield
rNeg     . . .     Faith    .   b - +0 scale mail
rPois    .         Spirit   +   (no helmet)
rElec    .         Reflect  .   h - +2 cloak
rCorr    .         Harm     .   (no gloves)
MR       .....                  (no boots)
Stlth    +.........             g - amulet of guardian spirit
HPRegen  0.10/turn              n - ring of ice
MPRegen  0.10/turn              (no ring)

@: agile, lethally poisoned (-1 -> -46), hasted, very quick
A: no striking features
a: no special abilities


You were on level 3 of the Dungeon.
You were very hungry.

You visited 1 branch of the dungeon, and saw 3 of its levels.

You collected 165 gold pieces.

Inventory:

Hand Weapons
 a - a +0 rapier (weapon)
Armour
 b - a +0 scale mail (worn)
 c - a +0 shield (worn)
 h - a +2 cloak (worn)
 i - a cursed +0 leather armour
Jewellery
 g - an amulet of guardian spirit (around neck)
 n - a ring of ice (left hand)
Wands
 q - a wand of random effects (23/48)
Scrolls
 e - a scroll of identify {unknown}
 k - 2 scrolls of remove curse
Potions
 d - a potion of might
 l - a potion of haste
 p - a potion of degeneration
Comestibles
 f - 4 bread rations
 j - a royal jelly
 r - a meat ration


   Skills:
 - Level 2.4 Fighting
 - Level 5.1 Short Blades
 - Level 2.4 Armour
 + Level 3.1 Dodging
 - Level 2.4 Shields


You had 4 spell levels left.
You didn't know any spells.

Dungeon Overview and Level Annotations

Branches:
Dungeon (3/15)

Altars:
Nemelex Xobeh
Yredelemnul


Message History

The kobold shoots a poisoned needle.
The poisoned needle barely misses you. The adder bites you but does no damage.
You closely miss the adder.
The adder is heavily wounded.
* * * LOW HITPOINT WARNING * * *
You feel sick. The adder bites you.
* * * LOW HITPOINT WARNING * * *
You hit the adder.
You kill the adder!
Your Dodging skill increases to level 3!
* * * LOW HITPOINT WARNING * * *
You feel sick.
The kobold shoots a poisoned needle.
You block the poisoned needle.
* * * LOW HITPOINT WARNING * * *
You feel sick.
The kobold shoots a poisoned needle.
The poisoned needle hits you!
You are more poisoned.
Things that are here:
a poisoned needle; an adder corpse You die...

......# ###########.#..........
#####'### #...........###......#.
..#.....# #......###### #........
#.#.....###......##### #......#.
.....................# ######.##
.............(...#.#.# #...
#.#<....###...(..#.#.## ####
..##.##..###...(...#..###########
................@................
...##..#.###.##.##.##.###########
...##........##.##.##.# #####
######.#..#####..#.##.###.#.#
#..#.## ##K#.##.##^^.^#
#####.#..#####.#.##..'^.^_#
#......#.##......##.##^...#
#......#.##......##.###.#.#
#......#.##....)...)#######


There were no monsters in sight!

Vanquished Creatures
  The ghost of AverageBear the Cutter, an amateur DEFi (D:3)
  Ijyb (D:3)
  5 adders
  3 oozes (D:2)
  A worm (D:2)
  A dart slug (D:2)
  2 leopard geckos
  3 orcs (D:3)
  2 giant cockroaches (D:1)
  3 goblins
  10 hobgoblins
  4 bats
  A frilled lizard (D:1)
  6 kobolds
  3 rats
  A spectral orc (D:3)
47 creatures vanquished.

Notes
Turn   | Place    | Note
-------+----------+-------------------------------------------
     0 | D:1      | AverageBear the Deep Elf Fighter began the quest for the Orb.
     0 | D:1      | Reached XP level 1. HP: 13/13 MP: 3/3
   487 | D:1      | Reached XP level 2. HP: 18/18 MP: 4/4
   808 | D:1      | Reached skill level 3 in Short Blades
   983 | D:2      | Reached XP level 3. HP: 21/22 MP: 5/5
  1166 | D:2      | Reached skill level 4 in Short Blades
  1275 | D:2      | Reached XP level 4. HP: 16/27 MP: 6/6
  1914 | D:3      | Noticed Ijyb
  1929 | D:3      | Killed Ijyb
  1929 | D:3      | Reached skill level 5 in Short Blades
  2005 | D:3      | Found a sparkling altar of Nemelex Xobeh.
  2124 | D:3      | Found a basalt altar of Yredelemnul.
  2152 | D:3      | Noticed AverageBear's ghost (amateur DEFi)
  2164 | D:3      | Killed AverageBear's ghost
  2164 | D:3      | Reached XP level 5. HP: 12/31 MP: 3/7
  2407 | D:3      | HP: 1/31 [poisoned by a kobold]
  2408 | D:3      | Succumbed to a kobold's poison

Vault maps used:
D:1:      matt_arrival_diagonals, serial_bayou, serial_bayou_pond_e,
          serial_bayou_pond_d, serial_bayou_pond_c, serial_bayou_crossing,
          serial_bayou_lagoon_b
D:2:      first_bread
D:3:      yredelemnul_forgotten_temple_becter, old_standard_altar, uniq_ijyb

Skill      XL: |  1  2  3  4  5 |
---------------+----------------+-----
Short Blades   | 3 4 5 |  5.1
Dodging        | 2 3 |  3.1
Fighting       | |  2.4
Armour         | |  2.4
Shields        | |  2.4

Action                   |  1- 3 |  4- 6 || total
-------------------------+-------+-------++-------
Melee: Rapier            |   137 |   105 ||   242
  Use: Scroll            |     3 |       ||     3
       Potion            |       |     5 ||     5
  Eat: Chunk             |     1 |     3 ||     4
Armor: Scale mail        |    72 |    41 ||   113
Dodge: Dodged            |    32 |    28 ||    60
Block: Shield            |    87 |    35 ||   122
